 Dungeon Crawl Stone Soup version 0.27-a0-668-gb5737ff2c0 (webtiles) character file.

Game seed: 6836092211610779682

9 wullow the Magician (level 2, 16/19 HPs)
             Began as a Demonspawn Hedge Wizard on Mar 17, 2021.
             Quit the game on level 1 of the Dungeon.
             The game lasted 00:02:03 (393 turns).

wullow the Magician (Demonspawn Hedge Wizard)        Turns: 393, Time: 00:02:03

Health: 16/19      AC:  2    Str: 10    XL:     2   Next: 3%
Magic:  1/6        EV: 12    Int: 15    God:
Gold:   13         SH:  0    Dex: 12    Spells: 6/7 levels left

rFire    . . .     SeeInvis .   a - +0 dagger
rCold    . . .     Faith    .   (no shield)
rNeg     . . .     Spirit   .   b - +0 robe
rPois    .         Reflect  .   c - +0 hat
rElec    .         Harm     .   (no cloak)
rCorr    .         Rampage  .   (no gloves)
Will     .....                  (no boots)
Stlth    ++........             (no amulet)
HPRegen  0.06/turn              (no ring)
MPRegen  0.10/turn              (no ring)

@: no status effects
A: horns 1
a: no special abilities


You were on level 1 of the Dungeon.
You visited 1 branch of the dungeon, and saw 1 of its levels.

You collected 13 gold pieces.

Inventory:

Hand Weapons
 a - a +0 dagger (weapon)
 e - a +0 hunting sling
Armour
 b - a +0 robe (worn)
 c - a +0 hat (worn)
Scrolls
 f - a scroll of magic mapping {unknown}
Potions
 d - a potion of curing {unknown}


   Skills:
 - Level 1.7 Dodging
 - Level 1.7 Stealth
 + Level 3.1 Spellcasting
 * Level 1.2 Conjurations
 * Level 1.7 Summonings
 - Level 0.8 Translocations


You had 6 spell levels left.
You knew the following spells:

 Your Spells              Type           Power      Damage    Failure   Level
a - Magic Dart            Conj           24%        1d4       12%         1

Your spell library contained the following spells:

 Spells                   Type           Power      Damage    Failure   Level
 Call Imp                 Summ           7%         N/A       16%         2
 Blink                    Tloc           N/A        N/A       22%         2
 Slow                     Hex            2%         N/A       30%         2
 Conjure Flame            Conj/Fire      4%         6-21      43%         3
 Mephitic Cloud           Conj/Pois/Air  3%         N/A       45%         3


Dungeon Overview and Level Annotations

Branches:
Dungeon (1/15)

Altars:


Innate Abilities, Weirdness & Mutations

You have a pair of small horns on your head.


Message History

The bat hits you but does no damage. The bat closely misses you.
The bat closely misses you. The bat misses you. The bat misses you. x2
The bat hits you but does no damage.
Casting: Magic Dart (safe; 13% risk of failure)
Confirm with . or Enter, or press ? or * to list all spells.
Aiming: Magic Dart (safe; 13% risk of failure)
Press: ? - help, Shift-Dir - straight line, f/p - frilled lizard
Aim: a frilled lizard (heavily wounded, 0% to evade)
The magic dart hits the leopard gecko.
The leopard gecko is heavily wounded.
The bat closely misses you. The leopard gecko bites you.
Casting: Magic Dart (safe; 13% risk of failure)
Confirm with . or Enter, or press ? or * to list all spells.
Aiming: Magic Dart (safe; 13% risk of failure)
Press: ? - help, Shift-Dir - straight line, f/p - frilled lizard
Aim: a frilled lizard (heavily wounded, 0% to evade)
The magic dart hits the leopard gecko.
You kill the leopard gecko!
The bat closely misses you.
Casting: Magic Dart (safe; 12% risk of failure)
Confirm with . or Enter, or press ? or * to list all spells.
Aiming: Magic Dart (safe; 12% risk of failure)
Press: ? - help, Shift-Dir - straight line, f/p - frilled lizard
Aim: a frilled lizard (heavily wounded, 0% to evade)
The magic dart hits the frilled lizard.
You kill the frilled lizard!
The bat hits you. The bat misses you.
You have reached level 2!
Your demonic ancestry asserts itself...
A pair of horns grows on your head! The bat hits you.
The bat barely misses you. The bat hits you but does no damage.
You closely miss the bat. The bat barely misses you.
You hit the bat.
You kill the bat!
No target in view!
Are you sure you want to abandon this character and quit the game? (Confirm with "yes".)

#)......#.......#
##...##..#.#####.#
#.............##.# ##.## #
#.......##.##.##.### #...#
#.##.#...#.##.##....... #...#
.....###.##.......### #...#
####.#........#######
####...####.†.....##.##.....#
[......†....##.#@.##.##.....#
...............#..##........#
............###.......#.....#
.###...####.###.............#
...#...# #.............#####
.#.....# #####....##.#.#
###..l.# #.##.##.#.# .#..#.##
#.......... #........#
#.......#..#


There were no monsters in sight!

Vanquished Creatures
  A leopard gecko (D:1)
  4 bats (D:1)
  A kobold (D:1)
  2 frilled lizards (D:1)
8 creatures vanquished.

Notes
Turn   | Place    | Note
-------+----------+-------------------------------------------
     0 | D:1      | wullow the Demonspawn Hedge Wizard began the quest for the
                  | Orb.
     0 | D:1      | Reached XP level 1. HP: 13/13 MP: 4/4
   388 | D:1      | Gained mutation: You have a pair of small horns on your
                  | head. [demonic ancestry]
   388 | D:1      | Reached XP level 2. HP: 16/19 MP: 1/6
   393 | D:1      | Quit the game

Illustrated notes

Levels and vault maps discovered:
D:1:      eino_arrival_tree_alley, layout_loops_cross, minmay_pentomino_x4

Action                   || total
-------------------------++-------
Melee: Dagger            ||     9
 Cast: Magic Dart        ||    15
Armor: Robe              ||     4
Dodge: Dodged            ||    17

Table legend: (Time is in decaauts)
 A = Elapsed time spent in this place.
 B = Non-inter-level travel time spent in this place.
 C = Inter-level travel time spent in this place.
 D = Time resting spent in this place.
 E = Time spent auto-exploring this place.
 F = Levels seen in this place.
 G = Mean time per level.
                   A        B        C        D        E       F      G
               +--------+--------+--------+--------+--------+-----+--------+
         Total |    393 |    393 |      0 |    245 |     77 |   1 |  393.0 |
       Dungeon |    393 |    393 |      0 |    245 |     77 |   1 |  393.0 |
               +--------+--------+--------+--------+--------+-----+--------+

Top non-repeatable levels by time:
     D:1: 393 daAuts
